[Event "*** Titled Tuesday Blitz"]
[Site "Chess.com"]
[Date "2018.10.02"]
[Round "5"]
[White "matiss90"]
[Black "Bryakin_Mikhail"]
[Result "0-1"]
[WhiteElo "2437"]
[BlackElo "2672"]
[TimeControl "180+2"]
[EndTime "14:02:55 PDT"]
[Termination "Bryakin_Mikhail won on time"]

1. e4 c6 2. d4 d5 3. Nc3 dxe4 4. Nxe4 Nf6 5. Ng5 Bf5 6. Bc4 e6 7. Ne2 h6 8. Nf3 Bd6 9. O-O Qc7 10. c3 Nbd7 11. Ng3 Bh7 12. Re1 O-O 13. Bd3 Bxd3 14. Qxd3 e5 15. dxe5 Nxe5 16. Nxe5 Bxe5 17. Qf5 Rfe8 18.
Be3 Nd5 19. Qg4 Bxg3 20. hxg3 Nxe3 21. fxe3 Qb6 22. Qb4 Rxe3 23. Rxe3 Qxe3+ 24. Kh2 Qb6 25. Rd1 Qxb4 26. cxb4 a5 27. bxa5 Rxa5 28. Rd8+ Kh7 29. Rd7 Rb5 30. b3 Kg6 31. Kg1 Kf6 32. Kf2 Ke6 33.
Rd2 Ra5 0-1

[Event "*** Titled Tuesday Blitz"]
[Site "Chess.com"]
[Date "2018.10.02"]
[Round "5"]
[White "Ramosha"]
[Black "Buffy7"]
[Result "0-1"]
[WhiteElo "2475"]
[BlackElo "2644"]
[TimeControl "180+2"]
[EndTime "14:02:58 PDT"]
[Termination "Buffy7 won by checkmate"]

1. d4 Nf6 2. Nf3 g6 3. Bg5 Bg7 4. c3 O-O 5. Nbd2 d6 6. e3 Nbd7 7. a4 a5 8. Bc4 Qe8 9. Qc2 e5 10. h4 e4 11. Ng1 h6 12. Bxf6 Nxf6 13. Ne2 d5 14. Bb3 c5 15. dxc5 Qe7 16. c4 dxc4 17.
Bxc4 Kh8 18. Bb3 Bf5 19. Nd4 Rac8 20. Rc1 h5 21. Nb5 Nd7 22. Qb1 Nxc5 23. Bc2 Rfd8 24. Nc4 Nd3+ 25. Bxd3 exd3 26. Nd2 Rc2 27. Rd1 Rxb2 28.
Qc1 Rc8 29. Nc4 Rc2 30. Qa3 Qe4 31. Ncd6 Qxg2 32. Nxf7+ Kg8 33. Rf1 Re2# 0-1

[Event "*** Titled Tuesday Blitz"]
[Site "Chess.com"]
[Date "2018.10.02"]
[Round "5"]
[White "albi1999"]
[Black "EndgameGrinder"]
[Result "0-1"]
[WhiteElo "2400"]
[BlackElo "2492"]
[TimeControl "180+2"]
[EndTime "14:02:58 PDT"]
[Termination "EndgameGrinder won by resignation"]

1. d4 Nf6 2. Nf3 d5 3. g3 c5 4. Bg2 Nc6 5. O-O cxd4 6. Nxd4 e5 7. Nxc6 bxc6 8. c4 Be6 9. cxd5 cxd5 10. Nc3 Rc8 11.
Bg5 d4 12. Ne4 Be7 13. Bxf6 gxf6 14. Qa4+ Qd7 15. Qxd7+ Kxd7 16. e3 f5 17. Nd2 d3 18.
e4 Rhd8 19. Rfd1 Ke8 20. Bh3 fxe4 21. Bxe6 fxe6 22. Nxe4 Rc2 23. Rd2 Bb4 24. Rdd1 Rxb2 25. Rab1 Rxb1 26. Rxb1 a5 27. f3 Rc8 28. Rd1 d2 29. Kf2 Rc2 30. Nf6+ Ke7 31. Nxh7 Rxa2 32. Ng5 a4 33. h4 a3 34. h5 Kf6 35. h6 Rc2 36. h7 Kg7 37. Ke3 a2 38. Rh1 Rc8 39.
Nxe6+ Kf6 40. Rh6+ Ke7 41. Nf8 Rxf8 42. Rh1 Bc3 43.
Ke4 a1=Q 44. Rxa1 Bxa1 0-1

[Event "*** Titled Tuesday Blitz"]
[Site "Chess.com"]
[Date "2018.10.02"]
[Round "5"]
[White "DishonorOnYourCow"]
[Black "PaulfromSPb"]
[Result "0-1"]
[WhiteElo "2260"]
[BlackElo "2513"]
[TimeControl "180+2"]
[EndTime "14:03:01 PDT"]
[Termination "PaulfromSPb won by resignation"]

1. d4 Nf6 2. c4 e6 3. Nc3 Bb4 4. Nf3 O-O 5. Bg5 c5 6. e3 Qa5 7. Bxf6 Bxc3+ 8. bxc3 Qxc3+ 9. Nd2 gxf6 10. Rc1 Qa5 11.
Qg4+ Kh8 12. Qh4 Kg7 13. Qg4+ Kh8 14. Qh4 Qd8 15. Nf3 cxd4 16. Bd3 f5 17. Ng5 Kg7 18.
Qxh7+ Kf6 19. Nf3 Rh8 20. Qxh8+ Qxh8 21. Nxd4 Nc6 22. Nb5 a6 23. Nc3 Ke7 24. O-O d6 25.
e4 f4 26. c5 dxc5 27. Na4 Ne5 28. Nxc5 b6 29. Na4 Nxd3 30. Rc7+ Kf6 31. Nxb6 Rb8 32. Rc6 Kg7 33. Rd1 Ne5 34. Rcd6 Qh5 35. f3 Nxf3+ 36. gxf3 Qxf3 37. R6d3 Qg4+ 38. Kh1 Bb7 39. Re1 Qg6 40. Nd5 exd5 41. Rg1 dxe4 42. Rxg6+ Kxg6 0-1

[Event "*** Titled Tuesday Blitz"]
[Site "Chess.com"]
[Date "2018.10.02"]
[Round "5"]
[White "Alex_Terzi"]
[Black "josmito10"]
[Result "1-0"]
[WhiteElo "2474"]
[BlackElo "2737"]
[TimeControl "180+2"]
[EndTime "14:03:01 PDT"]
[Termination "Alex_Terzi won by resignation"]

1. e4 c5 2. Nf3 g6 3. d4 cxd4 4. Nxd4 Bg7 5. Nc3 Nc6 6. Be3 Nf6 7. Nxc6 bxc6 8. e5 Ng8 9. Bd4 f6 10. f4 Nh6 11. exf6 Bxf6 12. Bxf6 exf6 13. Qe2+ Qe7 14. O-O-O Qxe2 15. Bxe2 d5 16. Na4 Kf7 17. Nc5 Bg4 18.
Rhe1 Rhe8 19. Bxg4 Nxg4 20. h3 Ne3 21. Rd2 Nc4 22.
Rde2 Rxe2 23. Rxe2 Rb8 24. b3 Nd6 25. a4 h5 26. g4 hxg4 27. hxg4 Rb4 28. Re6 Ne8 29. Rxc6 Rxf4 30. Ra6 g5 31. Rxa7+ Kg6 32. a5 Rxg4 33. a6 Rg1+ 34. Kb2 Rh1 35. Rb7 Nd6 36. a7 Nxb7 37. a8=Q Nxc5 38. Qxd5 Rf1 39. Qxc5 g4 40. Qc4 Rg1 41. Qd4 Rg3 42. b4 1-0

[Event "*** Titled Tuesday Blitz"]
[Site "Chess.com"]
[Date "2018.10.02"]
[Round "5"]
[White "saraswathii"]
[Black "MatthewG-p4p"]
[Result "0-1"]
[WhiteElo "2311"]
[BlackElo "2654"]
[TimeControl "180+2"]
[EndTime "14:03:05 PDT"]
[Termination "MatthewG-p4p won by checkmate"]

1. e4 e6 2. d3 d5 3. Nd2 Nf6 4. Ngf3 c5 5. g3 Nc6 6. Bg2 g6 7. O-O Bg7 8. Qe2 O-O 9. c3 b6 10. Re1 Ba6 11. exd5 Nxd5 12. Ne4 h6 13. g4 Nde7 14.
Rd1 Qd7 15. Bxh6 Rad8 16. Bxg7 Kxg7 17. Qe3 Nd5 18. Qd2 Rh8 19. d4 Qc7 20. dxc5 Nf4 21.
Qe3 Nxg2 22. Kxg2 bxc5 23. Qg5 Qe7 24. Qxe7 Nxe7 25. Nxc5 Bc4 26. Ne5 Bd5+ 27. f3 f6 28.
c4 fxe5 29. cxd5 Rxd5 30. Nxe6+ Kf6 31. Nc7 Rc5 32. Na6 Rc2+ 33. Kg3 Rhxh2 34. Rg1 Nd5 35. Rad1 Nf4 36. g5+ Kf5 37. Nb4 Nh5# 0-1

[Event "*** Titled Tuesday Blitz"]
[Site "Chess.com"]
[Date "2018.10.02"]
[Round "5"]
[White "dretch"]
[Black "Didici"]
[Result "0-1"]
[WhiteElo "2765"]
[BlackElo "2637"]
[TimeControl "180+2"]
[EndTime "14:03:09 PDT"]
[Termination "Didici won by resignation"]

1. d4 d5 2. c4 e6 3. Nc3 Nf6 4. cxd5 exd5 5. Bg5 Bb4 6. e3 h6 7. Bh4 g5 8. Bg3 Ne4 9. Qc2 Bf5 10. Bd3 Nc6 11. Ne2 Qd7 12. O-O Bxc3 13. bxc3 h5 14. Rab1 O-O-O 15. Qa4 Nxg3 16. Ba6 Nxe2+ 17. Kh1 Bxb1 18.
Rxb1 Rdg8 19. Bxb7+ Kd8 20. Bxc6 Qd6 21. Rb3 Ke7 22. Bb5 Nc1 23. Rb1 Nxa2 24. Qxa2 Rb8 25.
Qxa7 Rb6 26. Bd3 Rhb8 27. Rf1 Rb2 28. c4 dxc4 29. Bxc4 Rd2 30. Qa5 Rbb2 31. Qxg5+ Kf8 32. Kg1 Qc6 33. Bd5 Qb5 34. Qh6+ Ke7 35. Qxh5 Qxf1+ 36. Kxf1 Rb1+ 0-1

[Event "*** Titled Tuesday Blitz"]
[Site "Chess.com"]
[Date "2018.10.02"]
[Round "5"]
[White "Gabrielian_Artur"]
[Black "bascheyaro"]
[Result "1-0"]
[WhiteElo "2699"]
[BlackElo "2694"]
[TimeControl "180+2"]
[EndTime "14:03:12 PDT"]
[Termination "Gabrielian_Artur won by resignation"]

1. e4 e6 2. d4 d5 3. Nd2 c5 4.
Ngf3 Nc6 5. exd5 exd5 6. Bb5 c4 7. O-O Bd6 8. c3 Ne7 9. b3 cxb3 10. axb3 O-O 11.
h3 Bf5 12. Re1 a6 13. Bxc6 Nxc6 14. Nf1 Re8 15. Rxe8+ Qxe8 16. Ng3 Be4 17. Ng5 Bxg3 18. fxg3 h6 19. Nxe4 Qxe4 20. Kh2 Re8 21. Bf4 Qe2 22. Qxe2 Rxe2 23. Rd1 g5 24. Bc7 b5 25. c4 bxc4 26. bxc4 dxc4 27. d5 Ne5 28. d6 c3 29. Ba5 c2 30. Rc1 Kf8 31. Kg1 Nd3 32.
d7 Nxc1 33. d8=Q+ Kg7 34. Bc3+ 1-0

[Event "*** Titled Tuesday Blitz"]
[Site "Chess.com"]
[Date "2018.10.02"]
[Round "5"]
[White "Blitzstream"]
[Black "MITerryble"]
[Result "1-0"]
[WhiteElo "2632"]
[BlackElo "2763"]
[TimeControl "180+2"]
[EndTime "14:03:16 PDT"]
[Termination "Blitzstream won by resignation"]

1. d4 e6 2. e4 d5 3. Nd2 Be7 4.
Ngf3 Nf6 5. e5 Nfd7 6. c3 c5 7.
Bd3 Nc6 8. O-O g5 9. dxc5 Ndxe5 10.
Bb5 Bd7 11. Re1 Qc7 12. b4 Bf6 13. Nb3 h6 14. Nbd4 O-O-O 15. Bxc6 Bxc6 16. a4 Nc4 17. Qb3 e5 18. Nb5 Qb8 19. Nd2 a6 20. Nxc4 dxc4 21. Qxc4 axb5 22. axb5 Bd5 23. Qg4+ Be6 24. Qf3 Bg7 25.
Be3 Rd3 26. c6 Re8 27. cxb7+ Kd7 28. Qc6+ Ke7 29. Bc5+ Kf6 30. Ra8 Rdd8 31. Rxb8 Rxb8 32. Bd6 Rbd8 33. Qxe8 Rxe8 34. b8=Q Rxb8 35. Bxb8 Kf5 36. b6 Bd5 37. c4 Bb7 38. b5 Bf8 39. c5 e4 40. c6 1-0

[Event "*** Titled Tuesday Blitz"]
[Site "Chess.com"]
[Date "2018.10.02"]
[Round "5"]
[White "tony15051987"]
[Black "xamax2000"]
[Result "0-1"]
[WhiteElo "2594"]
[BlackElo "2454"]
[TimeControl "180+2"]
[EndTime "14:03:17 PDT"]
[Termination "xamax2000 won on time"]

1. d4 Nf6 2. c4 c5 3. d5 g6 4. Nc3 Bg7 5. e4 O-O 6. Nf3 d6 7. Bd3 e6 8. O-O a6 9. h3 e5 10. a4 Nh5 11. Re1 h6 12. Bf1 Qe8 13. g3 f5 14. exf5 gxf5 15. Nh2 Nd7 16. Be2 Nhf6 17. f4 Qg6 18. Kf2 Ne4+ 19. Nxe4 fxe4 20. Bh5 Qh7 21. Kg2 exf4 22. Bxf4 Ne5 23. Bxe5 Bxe5 24. Ng4 Bd4 25. Rf1 Bd7 26. Qb3 e3 27. Qxb7 Qe4+ 28. Kh2 Bxg4 29. Bxg4 e2 30. Rxf8+ Rxf8 31. Be6+ Kh8 32. h4 Be5 33.
Qe7 Rf2+ 34. Kh3 Qg2+ 35. Kg4 Qf3+ 0-1

[Event "*** Titled Tuesday Blitz"]
[Site "Chess.com"]
[Date "2018.10.02"]
[Round "5"]
[White "Korchmar_Vasiliy"]
[Black "Last7Samurai"]
[Result "1-0"]
[WhiteElo "2689"]
[BlackElo "2737"]
[TimeControl "180+2"]
[EndTime "14:03:18 PDT"]
[Termination "Korchmar_Vasiliy won on time"]

1. d4 d5 2. Nf3 Nf6 3. Bf4 e6 4. e3 Bd6 5. Bg3 O-O 6. Bd3 c5 7.
c3 Qc7 8. Ne5 Nbd7 9. f4 Ne4 10.
Nd2 f5 11. O-O Nxg3 12. hxg3 Nxe5 13. fxe5 Be7 14. g4 Bg5 15. Qe2 g6 16. Nf3 Bh6 17. gxf5 gxf5 18. Kf2 f4 19. e4 Qg7 20. Rh1 Bd7 21.
Rh3 Be8 22. Rah1 cxd4 23. cxd4 dxe4 24. Bxe4 Rc8 25. Qd1 Bc6 26. Bxc6 Rxc6 27. Rxh6 Qg3+ 28. Kf1 Rfc8 29. R6h3 Qg6 30. Ne1 Rc1 31. Qd3 Qg7 32. Rxh7 Rxe1+ 33. Kxe1 Rc1+ 34. Kd2 1-0

[Event "*** Titled Tuesday Blitz"]
[Site "Chess.com"]
[Date "2018.10.02"]
[Round "5"]
[White "Benek77"]
[Black "TrimitziosP7"]
[Result "0-1"]
[WhiteElo "2590"]
[BlackElo "2574"]
[TimeControl "180+2"]
[EndTime "14:03:19 PDT"]
[Termination "TrimitziosP7 won on time"]

1. e4 c5 2. Nf3 d6 3. d4 cxd4 4.
Nxd4 Nf6 5. Nc3 a6 6. Be2 e6 7.
O-O Be7 8. Be3 O-O 9. f4 Qc7 10.
a4 b6 11. Bf3 Bb7 12. g4 Nc6 13. g5 Nd7 14. Bg2 Rac8 15. Qh5 Nxd4 16. Bxd4 e5 17. Be3 exf4 18. Bxf4 Ne5 19. Rae1 b5 20. axb5 axb5 21.
Rf2 b4 22. Nd5 Bxd5 23. exd5 Ng6 24. Bg3 Rfe8 25. Qg4 Qb6 26. h4 Bf8 27. Rxe8 Rxe8 28. h5 Ne5 29. Qf5 Qa7 30. h6 g6 31. Qf4 b3 32. cxb3 Nd3 33. Qf3 Nxf2 34. Bxf2 Qa1+ 35. Kh2 Qxb2 36. Kh3 Rc8 37. Qf4 Qxb3+ 38. Kh2 Rc2 39.
Bd4 Qxd5 0-1

[Event "*** Titled Tuesday Blitz"]
[Site "Chess.com"]
[Date "2018.10.02"]
[Round "5"]
[White "FMJoseHerrera"]
[Black "gmcorrales"]
[Result "1-0"]
[WhiteElo "2518"]
[BlackElo "2681"]
[TimeControl "180+2"]
[EndTime "14:03:20 PDT"]
[Termination "FMJoseHerrera won by resignation"]

1. Nf3 Nf6 2. g3 g6 3. Bg2 Bg7 4. d3 O-O 5. Nc3 d5 6. h4 c6 7. Bg5 Re8 8. Qd2 d4 9. Nb1 h5 10. Bh6 Qb6 11. Bxg7 Kxg7 12. b3 e5 13. a4 Bg4 14.
Ng5 a5 15. Na3 Nbd7 16. Nc4 Qc5 17. O-O Be6 18. f4 Bxc4 19. bxc4 Ng4 20. f5 f6 21.
Ne6+ Rxe6 22. fxe6 Nf8 23. Rab1 Qe7 24. c3 Nxe6 25. cxd4 exd4 26. Qb2 Ra7 27. Qb6 Qc5 28. Bh3 Qe5 29. Rf3 Qxe2 30. Bxg4 hxg4 31. Rf2 Qxd3 32. Re1 Qxg3+ 33. Kf1 Qh3+ 34. Kg1 g3 35. Rfe2 Kh6 36. Qxa7 Nf4 37. Qb8 Nxe2+ 38. Rxe2 Kh5 39. Qh8+ Kg4 40. Qxf6 1-0

[Event "*** Titled Tuesday Blitz"]
[Site "Chess.com"]
[Date "2018.10.02"]
[Round "5"]
[White "m3alam"]
[Black "ruvat"]
[Result "1-0"]
[WhiteElo "2134"]
[BlackElo "2300"]
[TimeControl "180+2"]
[EndTime "14:03:21 PDT"]
[Termination "m3alam won on time"]

1. d4 d6 2. Nf3 g6 3. c4 Bg7 4. Nc3 Bg4 5. h3 Bxf3 6. gxf3 Nc6 7. e3 e5 8. d5 Nce7 9. h4 h5 10. Bh3 Nh6 11. e4 O-O 12. Bg5 Kh7 13. Qd2 f6 14. Be3 f5 15. Bg5 Qe8 16. O-O-O Qf7 17. Rdg1 Neg8 18.
Rg2 Bf6 19. Rhg1 f4 20. Bxf6 Qxf6 21. Rxg6 Qxg6 22. Rxg6 Kxg6 23. c5 Ne7 24. cxd6 cxd6 25. Nb5 Rfd8 26. Nc7 Rab8 27. Ne6 Rdc8+ 28. Kb1 Nf7 29.
Qe1 Rg8 30. Qa5 a6 31. Qc7 Kf6 32. Ng5 Rgd8 33. Be6 Rbc8 34. Bxc8 Rxc8 35. Qxb7 Nxg5 36. hxg5+ Kf7 37. Qd7 Rg8 38. Qe6+ Kf8 39. Qf6+ Ke8 40. Qxd6 Rxg5 41. Qe6 1-0

[Event "*** Titled Tuesday Blitz"]
[Site "Chess.com"]
[Date "2018.10.02"]
[Round "5"]
[White "AliKa2810"]
[Black "TST2014"]
[Result "0-1"]
[WhiteElo "2474"]
[BlackElo "2475"]
[TimeControl "180+2"]
[EndTime "14:03:21 PDT"]
[Termination "TST2014 won by resignation"]

1. e4 c5 2. Nf3 Nc6 3. d4 cxd4 4.
Nxd4 Nf6 5. Nc3 d6 6. Bc4 e5 7. Nde2 Be7 8. O-O O-O 9. Bg5 Nxe4 10. Nxe4 Bxg5 11. Nxd6 Bg4 12. f3 Be6 13. Bxe6 fxe6 14. Kh1 Qb6 15. Ne4 Rad8 16. Qe1 Be7 17. b3 Qe3 18.
N2g3 Qf4 19. Rd1 Bb4 20. Qe2 Nd4 21. Qc4 a5 22. c3 b5 23. Qc7 Rc8 24. Qb7 Bxc3 25.
Nxc3 Rxc3 26. Qb6 Rc2 27. Qxa5 h5 28. Qb6 h4 29. Ne4 h3 30. g3 Nxf3 31. Rd2 Rxd2 32. Qxe6+ Rf7 33. Qc8+ Rf8 34. Qe6+ Qf7 35. Qxh3 Rxh2+ 36. Qxh2 Nxh2 0-1

[Event "*** Titled Tuesday Blitz"]
[Site "Chess.com"]
[Date "2018.10.02"]
[Round "5"]
[White "HouseOfDurin"]
[Black "nochewycandy"]
[Result "0-1"]
[WhiteElo "1791"]
[BlackElo "2169"]
[TimeControl "180+2"]
[EndTime "14:03:22 PDT"]
[Termination "nochewycandy won by resignation"]

1. d4 Nf6 2. Bg5 d5 3. Bxf6 gxf6 4. c4 dxc4 5. Nc3 c6 6. a4 e6 7. e3 Nd7 8. Bxc4 Bb4 9. Qh5 Qa5 10. Qxa5 Bxa5 11.
Ne2 Ke7 12. Rb1 Bb4 13. f3 a5 14. Kf2 Nb6 15. Bd3 Bd7 16. b3 f5 17. f4 f6 18.
Rhc1 Rhg8 19. Ng3 Nc8 20. Nce2 Nd6 21. Ng1 Rgc8 22. Nf3 b5 23. Rc2 bxa4 24. bxa4 c5 25. dxc5 Rxc5 26. Rxc5 Bxc5 27. Bc2 Rc8 28. Bb3 Bb4 29.
Nd4 Rc3 30. Nge2 Rc8 31. Rc1 Rxc1 32. Nxc1 e5 33. Nde2 Ne4+ 34. Kg1 Bd2 35. Nd3 Bxe3+ 36. Kh1 Kd6 37. g3 Bc6 38. fxe5+ fxe5 39. Kg2 Nf2+ 40.
Kf1 Nxd3 41. Nc3 Nc5 42. Bc2 e4 43. Ke2 Bd4 44. Nb5+ Bxb5+ 45. axb5 a4 46. g4 fxg4 47. b6 a3 48. b7 Nxb7 0-1

[Event "*** Titled Tuesday Blitz"]
[Site "Chess.com"]
[Date "2018.10.02"]
[Round "5"]
[White "ajkom197"]
[Black "FearlessKing64"]
[Result "1-0"]
[WhiteElo "2392"]
[BlackElo "2215"]
[TimeControl "180+2"]
[EndTime "14:03:24 PDT"]
[Termination "ajkom197 won by resignation"]

1. c4 Nf6 2. g3 d5 3. cxd5 Nxd5 4. Bg2 c5 5. Nf3 Nc6 6. d4 e6 7.
O-O Be7 8. Nc3 O-O 9. Nxd5 Qxd5 10. Ne5 Qd6 11. Nxc6 bxc6 12. dxc5 Qxc5 13. Be3 Qb5 14. Qc2 Ba6 15. Bxc6 Qxe2 16. Qxe2 Bxe2 17. Rfe1 Rac8 18. Rxe2 Rxc6 19. Bxa7 Ra8 20. Be3 Rca6 21. Rc2 h6 22. b3 Bf6 23. Rb1 Rxa2 24. Rxa2 Rxa2 25.
b4 Ra8 26. b5 Rb8 27. b6 Rb7 28. Rc1 Be5 29. f4 Bb8 30. Rc8+ Kh7 31. Kf2 Kg6 32. Kf3 Kf6 33. Ke4 Ke7 34. Bd4 f6 35. Kd3 Kd7 36.
Rg8 Kc6 37. Kc4 e5 38. fxe5 fxe5 39. Be3 Bd6 40. Rc8+ Kd7 41. Ra8 Kc6 42. Ra7 Bb8 43. Rxb7 Kxb7 44. Kd5 Ka6 45. g4 Kb7 46. h4 Ka6 47. h5 Kb7 48. Bg1 Kc8 49. Kc6 Kd8 50.
b7 Bd6 51. Kxd6 1-0

[Event "*** Titled Tuesday Blitz"]
[Site "Chess.com"]
[Date "2018.10.02"]
[Round "5"]
[White "nearestway"]
[Black "Vamostodorecto"]
[Result "1-0"]
[WhiteElo "2535"]
[BlackElo "2411"]
[TimeControl "180+2"]
[EndTime "14:03:33 PDT"]
[Termination "nearestway won on time"]

1. c4 e5 2. g3 Nc6 3. Bg2 Bc5 4.
Nc3 d6 5. Nf3 a6 6. O-O h5 7. h4 Bg4 8. d3 Qd7 9. a3 Nge7 10. b4 Ba7 11. Bd2 f6 12. Ne4 Bh3 13. Kh2 Bxg2 14. Kxg2 d5 15. cxd5 Nxd5 16. Nc5 Bxc5 17.
bxc5 Nd4 18. Nxd4 exd4 19. Qb3 Qc6 20. Kg1 g5 21. Rab1 Rb8 22. Qc4 gxh4 23. Qxd4 hxg3 24. fxg3 Rg8 25. Rf3 Qe6 26. e4 Ne7 27. Bf4 h4 28. Qf2 Qh3 29. Bxc7 Rc8 30. Bd6 Nc6 31. Rxb7 hxg3 32.
Rxg3 Rxg3+ 33. Qxg3 Qxg3+ 34. Bxg3 Nd4 35. Bd6 Nf3+ 36.
Kf2 Nd2 37. Ke2 Nxe4 38. dxe4 1-0

[Event "*** Titled Tuesday Blitz"]
[Site "Chess.com"]
[Date "2018.10.02"]
[Round "5"]
[White "EmreDedebas"]
[Black "GMBenjaminFinegold"]
[Result "0-1"]
[WhiteElo "2386"]
[BlackElo "2308"]
[TimeControl "180+2"]
[EndTime "14:03:36 PDT"]
[Termination "GMBenjaminFinegold won by resignation"]

1. Nf3 d5 2. c4 c6 3. g3 Nf6 4. Bg2 Bg4 5. O-O e6 6. cxd5 exd5 7. d3 Be7 8. Nbd2 O-O 9. b3 Nbd7 10.
Bb2 a5 11. a3 Re8 12. Rc1 Bf8 13. Rc2 Bh5 14. Re1 Bc5 15. h3 Qb6 16. e3 Rad8 17. Qa1 Bg6 18. Bf1 Bf8 19. Nh4 Qa7 20. Bd4 c5 21. Bb2 b5 22. Nxg6 hxg6 23. Nf3 a4 24. bxa4 Qxa4 25. Rec1 c4 26. Ne5 Nxe5 27. Bxe5 Qxa3 28.
Ra2 Qe7 29. Bd4 Nd7 30. Ra7 Qe6 31. e4 cxd3 32. Bxd3 dxe4 33. Bxb5 Qxh3 34. Qa4 Ne5 35. Bxe5 Rxe5 36. Bf1 Qf5 37. Be2 Bc5 38. Ra8 Qxf2+ 39.
Kh1 Qxe2 40. Rxd8+ Kh7 0-1

[Event "*** Titled Tuesday Blitz"]
[Site "Chess.com"]
[Date "2018.10.02"]
[Round "5"]
[White "SantoBlue"]
[Black "tigra"]
[Result "0-1"]
[WhiteElo "2820"]
[BlackElo "2738"]
[TimeControl "180+2"]
[EndTime "14:03:37 PDT"]
[Termination "tigra won by resignation"]

1. e4 e6 2. d4 d5 3. Nd2 c5 4.
exd5 exd5 5. Ngf3 Nf6 6. Bb5+ Bd7 7. Bxd7+ Nbxd7 8. O-O Be7 9. Re1 O-O 10. dxc5 Nxc5 11. Nb3 Nce4 12. Nfd4 Nd6 13. Qf3 Nfe4 14. c3 Re8 15.
Nf5 Nc4 16. Nxe7+ Qxe7 17. Rd1 Nf6 18. h3 h6 19. Nd4 Rac8 20. Rb1 Ne4 21. Bf4 a6 22.
Nf5 Qe6 23. Qg4 g5 24. Bh2 h5 25. Qf3 Ncd2 26. Qxh5 Qxf5 27. Rbc1 Qxf2+ 28. Kh1 Qf5 29. Re1 Nf2+ 30. Kg1 Nxh3+ 31. Kh1 Nf2+ 32. Kg1 Ng4 33.
Bg3 Rxe1+ 34. Rxe1 Ne4 35. Bh4 Ngf6 0-1

[Event "*** Titled Tuesday Blitz"]
[Site "Chess.com"]
[Date "2018.10.02"]
[Round "5"]
[White "grzechu96"]
[Black "Sychev_Klementy"]
[Result "1-0"]
[WhiteElo "2519"]
[BlackElo "2703"]
[TimeControl "180+2"]
[EndTime "14:03:39 PDT"]
[Termination "grzechu96 won on time"]

1. e4 c5 2. Nc3 d6 3. d4 cxd4 4. Qxd4 Bd7 5. b3 Nf6 6. Bb2 g6 7. O-O-O Bg7 8. Kb1 O-O 9. f3 a5 10. a4 Na6 11. Bb5 Nc5 12. Qd2 Be6 13. Nge2 Qb6 14.
Nd4 Rfc8 15. Nxe6 Nxe6 16. Rhe1 Rc7 17. g4 h6 18. h4 g5 19. hxg5 hxg5 20. Nd5 Nxd5 21.
exd5 Nf4 22. Rh1 Rac8 23. c4 Bxb2 24. Qxb2 f6 25. Qc2 e5 26. dxe6 Qe3 27. Bd7 f5 28. Bxc8 Rxc8 29. Rhe1 Qxf3 30. e7 Re8 31. gxf5 Kf7 32.
f6 Kxf6 33. Rxd6+ Kg7 34. Rd8 Qh5 35. Rxe8 Qxe8 36. Qf5 1-0

[Event "*** Titled Tuesday Blitz"]
[Site "Chess.com"]
[Date "2018.10.02"]
[Round "5"]
[White "NeverEverForever1990"]
[Black "Federtiu"]
[Result "1-0"]
[WhiteElo "2449"]
[BlackElo "2596"]
[TimeControl "180+2"]
[EndTime "14:03:43 PDT"]
[Termination "NeverEverForever1990 won by resignation"]

1. d4 g6 2. c4 Bg7 3. e4 d6 4. Nc3 e5 5. d5 a5 6. Be3 Na6 7. Be2 h5 8. Nf3 Bh6 9. Bxh6 Nxh6 10. Nd2 Bd7 11. a3 h4 12. Rb1 Qg5 13. Nf3 Qxg2 14. Rg1 Qh3 15. Bf1 Qg4 16. Rxg4 Nxg4 17. h3 Nf6 18. b4 Nh5 19. c5 axb4 20. axb4 Nf4 21. c6 bxc6 22. dxc6 Bxh3 23. Bxh3 Nxh3 24. Nd5 Nf4 25. Nxf4 exf4 26. Qd4 Rh5 27. Qf6 h3 28. Ng5 Rxg5 29. Qxg5 Nxb4 30. Qf6 Ra4 31. Rxb4 Rxb4 32. Qh8+ Ke7 33. Qxh3 Rxe4+ 34. Kf1 Re6 35. Qh4+ Ke8 36. Qh8+ Ke7 37. Qc8 f3 38. Qd7+ Kf6 39. Qxc7 Ke5 40.
Qa5+ d5 41. Qc3+ d4 42. Qc5+ Ke4 43. c7 Ra6 44. Qc1 1-0

[Event "*** Titled Tuesday Blitz"]
[Site "Chess.com"]
[Date "2018.10.02"]
[Round "5"]
[White "murmah2003"]
[Black "BilodeauA"]
[Result "0-1"]
[WhiteElo "2564"]
[BlackElo "2878"]
[TimeControl "180+2"]
[EndTime "14:03:46 PDT"]
[Termination "BilodeauA won by resignation"]

1. d4 d5 2. Nf3 Nf6 3. c4 dxc4 4. e3 Bg4 5. Bxc4 e6 6. O-O a6 7. a3 Bd6 8. h3 Bh5 9. b4 O-O 10. Bb2 Nc6 11. Nbd2 Qe8 12. Qb3 Bg6 13. Rac1 h6 14.
Rfe1 e5 15. d5 Nb8 16. Nh4 Bh7 17. Bd3 Nbd7 18. Bxh7+ Nxh7 19. Nf5 Ndf6 20. Nc4 Rd8 21. e4 Ng5 22. Qg3 Nh5 23. Qe3 Nf6 24. f3 Nh5 25. Na5 Rb8 26. h4 Nh7 27. Rc2 Nf4 28. g3 Ng6 29.
Nc4 Qd7 30. Ncxd6 cxd6 31. Qb6 Rbc8 32. Rxc8 Qxc8 33. h5 Ng5 34. hxg6 Qc2 35. gxf7+ Kh7 36. Rf1 Qxb2 37. Qxd6 Rxf7 38. Qc5 Qe2 39. Qe3 Nh3+ 40. Kh1 Qxf1+ 41. Kh2 Ng5 0-1

[Event "*** Titled Tuesday Blitz"]
[Site "Chess.com"]
[Date "2018.10.02"]
[Round "5"]
[White "Koksik_13"]
[Black "joppie2"]
[Result "1-0"]
[WhiteElo "2713"]
[BlackElo "2673"]
[TimeControl "180+2"]
[EndTime "14:03:47 PDT"]
[Termination "Koksik_13 won by resignation"]

1. e4 c6 2. d4 d5 3. Nc3 dxe4 4. Nxe4 Bf5 5. Ng3 Bg6 6. Nh3 e6 7. Nf4 Bd6 8. Nfh5 Bxg3 9. hxg3 Bxh5 10. Qxh5 Qxd4 11. Bd3 Nf6 12. Qf3 Nbd7 13. Be3 Qxb2 14. O-O Ne5 15. Qd1 Nxd3 16. cxd3 Qe5 17. Rb1 Qc7 18. Bf4 Qd7 19. Be5 O-O 20. Bxf6 gxf6 21. Qg4+ Kh8 22. Qh4 Rg8 23. Qxf6+ Rg7 24. Rb4 Kg8 25.
Re1 Rg6 26. Qf3 Rd8 27. Ree4 Qxd3 28. Rxb7 Qd1+ 29. Qxd1 Rxd1+ 30. Kh2 Rh6+ 31. Rh4 Rxh4+ 32. gxh4 Rd2 33. Rxa7 Rxf2 34. a4 Kg7 35. a5 Ra2 36. a6 Kf6 37. Kg3 Ke5 38. Rxf7 Rxa6 39. Rxh7 c5 40. h5 Kf5 41. Kh3 Rc6 42. g4+ Kf4 43.
Kh4 c4 44. Rf7+ Ke5 45. h6 Rc8 46. g5 c3 47. h7 c2 48. Rf1 Kd6 49. Rc1 Ke7 50. Kh5 Kf7 51. Kh6 Rc3 52. g6+ Ke7 53.
Kg7 1-0

[Event "*** Titled Tuesday Blitz"]
[Site "Chess.com"]
[Date "2018.10.02"]
[Round "5"]
[White "chesstatour"]
[Black "Perecke"]
[Result "1/2-1/2"]
[WhiteElo "2014"]
[BlackElo "1968"]
[TimeControl "180+2"]
[EndTime "14:03:47 PDT"]
[Termination "Game drawn by repetition"]

1. c4 e5 2. Nc3 Nf6 3. g3 Nc6 4. Bg2 d6 5. d3 Be6 6. Nf3 Qd7 7.
Bg5 Be7 8. Bxf6 Bxf6 9. Nd5 Bxd5 10. cxd5 Ne7 11. Qb3 b6 12. Rc1 O-O 13. h4 Kh8 14.
Ng5 Ng8 15. Qc4 Bd8 16. Qc6 Qxc6 17. Rxc6 Ne7 18. Rc2 Rc8 19. O-O h6 20. Nh3 f5 21.
f4 Ng6 22. h5 Ne7 23. Rfc1 Ng8 24. fxe5 dxe5 25. e4 f4 26. gxf4 exf4 27. Bf3 Be7 28.
Nf2 Bc5 29. Kg2 Nf6 30. Rd1 Be3 31. b4 Nd7 32. Ng4 Nf6 33. Nxe3 fxe3 34. Re1 Rfe8 35.
Kf1 Re5 36. Rce2 Nxh5 37. Bxh5 Rf8+ 38. Kg2 Rg5+ 39. Bg4 Rxg4+ 40. Kh3 Rff4 41. Rxe3 Rh4+ 42. Kg3 Rhg4+ 43. Kh3 Rh4+ 44. Kg3 Rhg4+ 45. Kh3 1/2-1/2

[Event "*** Titled Tuesday Blitz"]
[Site "Chess.com"]
[Date "2018.10.02"]
[Round "5"]
[White "Alexander_Moskalenko"]
[Black "petrpalachev"]
[Result "1/2-1/2"]
[WhiteElo "2842"]
[BlackElo "2777"]
[TimeControl "180+2"]
[EndTime "14:03:58 PDT"]
[Termination "Game drawn by agreement"]

1. d4 Nf6 2. Nf3 d5 3. Bf4 c5 4. e3 Nc6 5. Nbd2 Qb6 6. dxc5 Qxb2 7. Rb1 Qc3 8. Bb5 Bd7 9. O-O g6 10. Bd3 b6 11. cxb6 axb6 12. Rb3 Qc5 13. Rb5 Qc3 14. Nb1 Qa1 15. Rxb6 Qxa2 16. Nc3 Qa5 17. Nb5 Qxb6 18. Nc7+ Kd8 19. Nxa8 Qa7 20. Nc7 Bg7 21. Nb5 Qa4 22.
Qb1 Nh5 23. Nbd4 Nxf4 24. Nxc6+ Bxc6 25. Qb6+ Kd7 26. exf4 Ra8 27. Ne5+ Bxe5 28. fxe5 Qa7 29. Qb4 Qb8 30. Qf4 Ke8 31. Re1 e6 32. h3 Kf8 33. Re3 Ra1+ 34. Kh2 f5 35. Qd4 Ra5 36. Re1 Qb7 37. Ra1 Rxa1 38. Qxa1 g5 39. Qd4 h6 40. h4 Kg7 41. hxg5 hxg5 42. f3 Be8 43. Kg1 Qc7 44. Kf2 f4 45. g3 fxg3+ 46. Kxg3 Bg6 47. f4 gxf4+ 48. Kxf4 Qf7+ 49. Ke3 Bxd3 50. cxd3 Qf5 1/2-1/2